 Dungeon Crawl Stone Soup version 0.29.1-2-gbd0b4ee654 (webtiles) character file.

Game seed: 4065845189013668357

64 zeram the Ducker (level 3, -4/19 HPs)
             Began as a Spriggan Fighter on Nov 18, 2022.
             Killed from afar by Sigmund (11 damage)
             ... with a puff of flame
             ... on level 2 of the Dungeon.
             The game lasted 00:02:05 (1175 turns).

zeram the Ducker (Spriggan Fighter)                 Turns: 1175, Time: 00:02:05

Health: -4/19      AC:  2    Str: 12    XL:     3   Next: 91%
Magic:  6/6        EV: 17    Int: 11    God:
Gold:   76         SH:  6    Dex: 14    Spells: 5/5 levels left

rFire   . . .      SeeInvis +   a - +0 rapier
rCold   . . .      Faith    .   c - +0 buckler
rNeg    . . .      Spirit   .   b - +0 robe
rPois   .          Reflect  .   (helmet restricted)
rElec   .          Harm     .   (no cloak)
rCorr   .          Rampage  .   (gloves unavailable)
Will    .....                   (boots unavailable)
Stlth   +.........              (no amulet)
HPRegen 0.06/turn               (no ring)
MPRegen 0.10/turn               (no ring)

@: very quick
A: very small, no large weapons, unfitting armour, see invisible, speed 3
a: no special abilities


You were on level 2 of the Dungeon.
You visited 1 branch of the dungeon, and saw 2 of its levels.

You collected 76 gold pieces.

Inventory:

Hand Weapons
 a - a +0 rapier (weapon)
Armour
 b - a +0 robe (worn)
 c - a +0 buckler (worn)
Scrolls
 d - a scroll of brand weapon {unknown}
 f - 3 scrolls of blinking {unknown}
 h - 2 scrolls of vulnerability {unknown}
 i - 2 scrolls of teleportation {unknown}
 j - a scroll of enchant weapon {unknown}
Potions
 e - a potion of attraction {unknown}
 g - a potion of heal wounds {unknown}


   Skills:
 + Level 2.8 Fighting
 + Level 2.9 Short Blades
 + Level 4.5 Dodging
 + Level 2.5 Shields
 * Level 1.5 Spellcasting


You had 5 spell levels left.
You didn't know any spells.
Your spell library was empty.

Dungeon Overview and Level Annotations

Branches:
Dungeon (2/15)

Altars:

Shops:
D:1 :

Annotations:
D:2 Sigmund


Innate Abilities, Weirdness & Mutations

You are very small and have problems with some larger weapons.
You are too small for most types of armour.
You have supernaturally acute eyesight. (SInv)
You cover ground extremely quickly. (Speed+++)


Message History

You block the adder's attack.
You hit the adder.
The adder is almost dead.
You block the adder's attack. Sigmund completely misses you.
You hit the adder.
You kill the adder!
Sigmund completely misses you.
You see here an adder corpse.
You hit Sigmund but do no damage. You closely miss Sigmund.
Sigmund says, "You will soon forget everything."
Sigmund hits you with a +0 scythe.
Okay, then.
You hit Sigmund but do no damage.
Sigmund says, "You will soon forget everything."
Sigmund barely misses you.
You barely miss Sigmund. Sigmund misses you.
You closely miss Sigmund. Sigmund barely misses you.
You hit Sigmund.
Sigmund is lightly wounded.
Sigmund hits you with a +0 scythe.
You closely miss Sigmund.
Sigmund is lightly wounded.
You closely miss Sigmund.
Sigmund is lightly wounded.
You block Sigmund's attack.
You barely miss Sigmund.
Sigmund is lightly wounded.
Sigmund's eyes start glowing with a red light.
Sigmund hits you with a +0 scythe.
You puncture Sigmund!
Sigmund is moderately wounded.
Sigmund misses you.
There is an escape hatch in the floor here.
Sigmund points at you and mumbles some strange words.
The puff of flame misses you.
Sigmund points at you and mumbles some strange words.
The puff of flame hits you!
Ouch! That really hurt!
You die...

#.# #.# #.# #.# #.#
#.# ### #†#
#.######@#
#.@...>..#
#.######## #.# #.#
#.#################
#[.................
###################


You could see Sigmund (invisible).

Vanquished Creatures
  Terence (D:2)
  An adder (D:2)
  A dart slug (D:1)
  4 ball pythons
  4 endoplasms (D:1)
  2 giant cockroaches (D:1)
  A goblin (D:1)
  2 jackals (D:1)
  A bat (D:1)
  2 frilled lizards
  3 kobolds (D:1)
  4 rats
26 creatures vanquished.

Vanquished Creatures (collateral kills)
  A kobold (D:1)
1 creature vanquished.

Grand Total: 27 creatures vanquished

Notes
Turn   | Place    | Note
-------+----------+-------------------------------------------
     0 | D:1      | zeram the Spriggan Fighter began the quest for the Orb.
     0 | D:1      | Reached XP level 1. HP: 11/11 MP: 2/2
    79 | D:1      | Found a faded altar of an unknown god.
   110 | D:1      | Reached XP level 2. HP: 2/16 MP: 3/3
   621 | D:1      | Reached skill level 1 in Spellcasting
   621 | D:1      | Found Wogat's Vocational Training.
   921 | D:2      | Noticed Terence
   929 | D:2      | Killed Terence
   930 | D:2      | Reached XP level 3. HP: 16/19 MP: 4/6
  1144 | D:2      | Noticed Sigmund
  1175 | D:2      | Killed from afar by Sigmund

Illustrated notes

Levels and vault maps discovered:
D:1:      psy_arrival_conway, layout_rooms,
          shapermc_ecumenical_altar_starsandcircs, nicolae_shop_vocational
D:2:      minmay_wonky_spiral, layout_basic, uniq_jessica, uniq_robin,
          uniq_terence, uniq_sigmund

Skill      XL: |  1  2 |
---------------+-------+-----
Spellcasting   | 1 |  1.5
Fighting       | |  2.8
Short Blades   | |  2.9
Dodging        | |  4.5
Shields        | |  2.5

Action                   || total
-------------------------++-------
Melee: Rapier            ||   103
  Use: Scroll            ||     1
       Potion            ||     1
 Stab: Sleeping          ||     1
Armor: Robe              ||     8
Dodge: Dodged            ||    79
Block: Buckler           ||    28
